 Dungeon Crawl Stone Soup version 0.28.0-45-g0d030f2227 (webtiles) character file.

Game seed: 7231222814508508903

1883 hawla the Geomancer (level 8, 0/46 HPs)
             Began as a Deep Elf Earth Elementalist on Apr 20, 2022.
             Slain by Duvessa
             ... wielding a +2 short sword of flaming
              (3 damage)
             ... on level 6 of the Dungeon.
             The game lasted 00:27:15 (7071 turns).

hawla the Geomancer (Deep Elf Earth Elementalist)   Turns: 7071, Time: 00:27:16

Health: 0/46       AC:  5    Str:  7    XL:     8   Next: 92%
Magic:  20/20      EV: 13    Int: 21    God:
Gold:   278        SH:  0    Dex: 15    Spells: 8/21 levels left

rFire   + . .      SeeInvis .   (no weapon)
rCold   . . .      Faith    .   (no shield)
rNeg    + . .      Spirit   .   q - +2 robe {rN+}
rPois   .          Reflect  .   (no helmet)
rElec   .          Harm     .   (no cloak)
rCorr   +          Rampage  .   (no gloves)
Will    .....                   j - +0 pair of boots
Stlth   ++........              p - amulet of magic regeneration
HPRegen 0.15/turn               f - ring of protection from fire
MPRegen 0.57/turn               h - ring of resist corrosion

@: no status effects
A: no striking features
a: no special abilities


You were on level 6 of the Dungeon.
You visited 2 branches of the dungeon, and saw 7 of its levels.
You also visited: Ossuary.

You collected 278 gold pieces.

Inventory:

Missiles
 b - 122 stones
 g - 10 poisoned darts (quivered)
 k - 3 silver javelins
Armour
 j - a +0 pair of boots (worn)
 q - a +2 robe of positive energy (worn)
Jewellery
 c - an amulet of reflection
 f - a ring of protection from fire (left hand)
 h - a ring of resist corrosion (right hand)
 p - an amulet of magic regeneration (around neck)
Wands
 e - a wand of mindburst (15)
 v - a wand of paralysis (14)
 x - a wand of flame (17)
Scrolls
 s - 5 scrolls of teleportation
 u - a scroll of blinking {unknown}
 w - a scroll of magic mapping {unknown}
 y - a scroll of identify
 z - a scroll of immolation {unknown}
 A - a scroll of summoning {unknown}
Potions
 a - 3 potions of might
 d - 3 potions of magic {unknown}
 i - 2 potions of brilliance
 l - a potion of curing
 m - 4 potions of mutation {unknown}
 n - 2 potions of invisibility {unknown}
 r - a potion of berserk rage
 t - a potion of haste {unknown}


   Skills:
 - Level 3.0 Fighting
 - Level 1.0 Throwing
 - Level 4.0 Dodging
 - Level 3.0 Stealth
 - Level 1.0 Shields
 - Level 7.0 Spellcasting
 - Level 0.9 Conjurations
 - Level 2.0 Necromancy
 - Level 3.0 Transmutations
 + Level 9.6 Earth Magic
 - Level 1.0 Evocations


You had 8 spell levels left.
You knew the following spells:

 Your Spells              Type           Power      Damage    Failure   Level
a - Sandblast             Erth           96%        2d20      1%          1
b - Passwall              Tmut/Erth      27%        N/A       1%          2
c - Stone Arrow           Conj/Erth      58%        3d10      3%          3
d - Petrify               Tmut/Erth      33%        N/A       6%          4
e - Vampiric Draining     Necr           15%        2d7       12%         3

Your spell library contained the following spells:

 Spells                   Type           Power      Damage    Failure   Level
 Animate Skeleton         Necr           30%        N/A       3%          1
 Pain                     Necr           60%        1d7       3%          1


Dungeon Overview and Level Annotations

Branches:
Dungeon (6/15)             Temple (1/1) D:4         Ossuary (visited)

Altars:
Ashenzari
Cheibriados
Dithmenos
Elyvilon
Fedhas
Gozag
Hepliaklqana
Kikubaaqudgha
Okawaru
Qazlal
Ru
Trog
Uskayaw
Wu Jian
Yredelemnul
Zin
The Shining One

Annotations:
D:6 Duvessa


Message History

Duvessa hits you with a +2 short sword of flaming.
* * * LOW HITPOINT WARNING * * *
Duvessa burns you.
* * * LOW HITPOINT WARNING * * *
Your surroundings suddenly seem different.
You start resting.
You hear a shout! x2
Magic restored.
You start resting.
You hear a shout! x16
Duvessa is nearby!
Throw: 12 darts (poison)
Press: ? - help, Q - select action, (/) - cycle Shift-Dir - straight line, f - Duvessa
Aim: Duvessa, wielding a +2 short sword of flaming and wearing a +1 leather armour of fire resistance (berserk, 63% to hit)
You throw a poisoned dart. The poisoned dart hits Duvessa.
Duvessa is poisoned.
Throw: 11 darts (poison)
Press: ? - help, Q - select action, (/) - cycle Shift-Dir - straight line, f/p - Duvessa
Aim: Duvessa, wielding a +2 short sword of flaming and wearing a +1 leather armour of fire resistance (berserk, poisoned, 63% to hit)
You throw a poisoned dart. The poisoned dart hits Duvessa.
Duvessa looks even sicker.
Casting: Stone Arrow (dangerous; 3% risk of failure)
Confirm with . or Enter, or press ? or * to list all spells.
Aiming: Stone Arrow (dangerous; 3% risk of failure)
Press: ? - help, Shift-Dir - straight line, f/p - Duvessa
Aim: Duvessa, wielding a +2 short sword of flaming and wearing a +1 leather armour of fire resistance (lightly wounded, berserk, very poisoned, 75% to hit)
The stone arrow hits Duvessa!
Duvessa is moderately wounded.
You are confused.
You feel invigorated.
Duvessa hits you with a +2 short sword of flaming!
Duvessa burns you.
Duvessa hits you with a +2 short sword of flaming!
* * * LOW HITPOINT WARNING * * *
Duvessa burns you.
* * * LOW HITPOINT WARNING * * *
You feel better.
You feel less invigorated.
Duvessa hits you with a +2 short sword of flaming!
* * * LOW HITPOINT WARNING * * *
Duvessa burns you.
You die...

#......# ###+#####......#
#..............##+######
#.......................
#...............<.......
#.......................
#.......................
##########.......................
#...†..((......e@...>...######'##
#.........########......#.......#
#.....<...# #......#.......#
'.........# #......#.......#
#.........#......#......#....†..#
#.........#......#......#........
#.........#.....$#......#........
#.........#......#......#........
#.........#......#......#########


You could see Duvessa (berserk, poisoned).

Vanquished Creatures
  Pikel (D:5)
  Grinder (D:3)
  Edmund (D:4)
  An ice beast (D:5)
  An ogre (D:5)
  A necrophage (D:5)
  A lemure (D:5)
  A bullfrog (D:6)
  Dowan (D:6)
  3 wights (D:6)
  A hound (D:5)
  A bullfrog skeleton (D:5)
  A gnoll shaman (D:2)
  An orc priest (D:5)
  3 iguanas
  Jessica (D:2)
  Terence (D:2)
  An orc wizard (D:5)
  Ijyb (D:5)
  2 mummies
  6 gnolls
  11 adders
  An adder zombie (D:5)
  6 worms
  6 dart slugs
  3 orcs
  A spectral bat (Ossuary)
  4 ball pythons
  4 bats
  5 endoplasms
  6 giant cockroaches
  12 goblins
  4 hobgoblins
  8 jackals
  2 quokkas
  4 bat simulacra (Ossuary)
  5 frilled lizards
  12 gnoll zombies (Ossuary)
  4 goblin simulacra (Ossuary)
  3 goblin zombies (Ossuary)
  5 hobgoblin zombies (Ossuary)
  4 kobolds
  2 kobold simulacra (Ossuary)
  5 kobold zombies (Ossuary)
  5 orc zombies (Ossuary)
  A quokka skeleton (D:4)
  A rat (D:3)
  5 rat simulacra (Ossuary)
  3 spectral goblins (Ossuary)
  2 spectral kobolds (Ossuary)
  3 spectral rats (Ossuary)
168 creatures vanquished.

Notes
Turn   | Place    | Note
-------+----------+-------------------------------------------
     0 | D:1      | hawla the Deep Elf Earth Elementalist began the quest for
                  | the Orb.
     0 | D:1      | Reached XP level 1. HP: 10/10 MP: 6/6
    62 | D:1      | Reached XP level 2. HP: 11/15 MP: 2/8
    86 | D:1      | Found a faded altar of an unknown god.
   174 | D:1      | Learned a level 2 spell: Passwall
   710 | D:2      | Reached XP level 3. HP: 19/19 MP: 8/10
   854 | D:2      | Noticed Terence
  1429 | D:2      | Learned a level 3 spell: Stone Arrow
  1484 | D:2      | Noticed Jessica
  1488 | D:2      | Killed Jessica
  1489 | D:2      | Reached skill level 4 in Earth Magic
  1489 | D:2      | Reached XP level 4. HP: 24/24 MP: 10/12
  1494 | D:2      | Learned a level 4 spell: Petrify
  2817 | D:3      | Reached XP level 5. HP: 28/28 MP: 8/13
  3008 | D:2      | Killed Terence
  3009 | D:2      | Reached skill level 5 in Spellcasting
  3544 | D:3      | Reached XP level 6. HP: 32/32 MP: 11/17
  3568 | D:3      | Noticed Grinder
  3571 | D:3      | Killed Grinder
  3572 | D:3      | Reached skill level 1 in Fighting
  3572 | D:3      | Reached skill level 5 in Earth Magic
  4271 | D:4      | Found a staircase to the Ecumenical Temple.
  4281 | Temple   | Entered the Ecumenical Temple
  4736 | D:4      | Noticed Edmund
  4742 | D:4      | Killed Edmund
  4743 | D:4      | Reached skill level 6 in Earth Magic
  4743 | D:4      | Reached XP level 7. HP: 36/38 MP: 7/18
  4783 | D:4      | Found a glowing golden altar of the Shining One.
  4795 | D:4      | Found a bloodstained altar of Trog.
  5016 | D:5      | Entered Level 5 of the Dungeon
  5056 | D:5      | Found a sand-covered staircase.
  5064 | Ossuary  | Entered an ossuary
  5389 | Ossuary  | Reached skill level 7 in Earth Magic
  5612 | D:5      | Noticed Pikel
  5619 | D:5      | Killed Pikel
  5620 | D:5      | Reached skill level 9 in Earth Magic
  5620 | D:5      | Reached XP level 8. HP: 36/43 MP: 3/19
  5623 | D:5      | Reached skill level 1 in Throwing
  5804 | D:5      | Learned a level 3 spell: Vampiric Draining
  5919 | D:5      | Found an opulent altar of Gozag.
  5986 | D:5      | Noticed Ijyb
  5988 | D:5      | Paralysed by Ijyb for 2 turns
  5992 | D:5      | Killed Ijyb
  5993 | D:5      | Reached skill level 1 in Necromancy
  6214 | D:5      | Reached skill level 1 in Evocations
  6520 | D:6      | Reached skill level 1 in Shields
  6980 | D:6      | Noticed Duvessa
  6980 | D:6      | Noticed Dowan
  6987 | D:6      | Killed Dowan
  7070 | D:6      | HP: 2/46 [Duvessa/+2 short sword of flaming (1)]
  7071 | D:6      | Slain by Duvessa

Illustrated notes

Levels and vault maps discovered:
D:1:      psy_arrival_terrarium, layout_rooms, basic_ecumenical_altar
D:2:      layout_loops_ring, uniq_jessica, uniq_terence
D:3:      layout_basic, uniq_grinder
D:4:      layout_layer_cave, amethyst_overflow_temple_binary, temple_hall,
          uniq_edmund
D:5:      layout_gridville, mainiacjoe_overflow_concentric_impassable,
          gup_ossuary_entry_pyramid, minmay_misc_feat_more_columns, uniq_ijyb,
          uniq_pikel
D:6:      layout_gridville, jmf_multi_god_temple, uniq_duvessa
Temple:   zaba_magenta_temple

Skill      XL: |  1  2  3  4  5  6  7  8 |
---------------+-------------------------+-----
Stealth        | 3 |  3.0
Spellcasting   | 4 6 7 |  7.0
Earth Magic    | 4 6 9 |  9.6
Fighting       | 1 3 |  3.0
Dodging        | 3 4 |  4.0
Transmutations | 3 |  3.0
Throwing       | 1 |  1.0
Necromancy     | 2 |  2.0
Evocations     | 1 |  1.0
Shields        | 1 |  1.0
Conjurations   | |  0.9

Action                   |  1- 3 |  4- 6 |  7- 9 || total
-------------------------+-------+-------+-------++-------
Melee: Unarmed           |     1 |     2 |    22 ||    25
Throw: Dart              |       |     2 |     2 ||     4
 Cast: Sandblast         |    38 |    41 |    40 ||   119
       Passwall          |     2 |     1 |       ||     3
       Stone Arrow       |       |    46 |    93 ||   139
       Petrify           |       |     2 |     1 ||     3
  Use: Scroll            |     1 |     4 |     5 ||    10
       Potion            |       |       |     3 ||     3
Armor: Robe              |     3 |     5 |    19 ||    27
Dodge: Dodged            |    13 |    28 |    37 ||    78
